 Dungeon Crawl Stone Soup version 0.30-a0-365-ge7f957f1db (webtiles) character file.

Game seed: 7657227700959358560

78 Manisia the Grappler (level 4, -1/32 HPs)
             Began as a Gnoll Wanderer on Nov 17, 2022.
             Slain by a hobgoblin (5 damage)
             ... led by Robin
             ... on level 3 of the Dungeon.
             The game lasted 00:03:38 (2679 turns).

Manisia the Grappler (Gnoll Wanderer)               Turns: 2679, Time: 00:03:39

Health: -1/32      AC:  4    Str: 15    XL:     4   Next: 36%
Magic:  8/8        EV: 11    Int: 10    God:
Gold:   139        SH:  0    Dex: 11    Spells: 7/9 levels left

rFire   . . .      SeeInvis .    h - +0 mace
rCold   . . .      Faith    .    (no shield)
rNeg    . . .      Spirit   .    e - +1 leather armour
rPois   .          Reflect  .    (no helmet)
rElec   .          Harm     .    (no cloak)
rCorr   .          Rampage  .    (no gloves)
Will    .....                    (no boots)
Stlth   +.........               (no amulet)
HPRegen 0.25/turn                (no ring)
MPRegen 0.11/turn                (no ring)

@: lethally poisoned (-1 -> -17)
A: fangs 1, strong nose, distributed training
a: no special abilities


You were on level 3 of the Dungeon.
You visited 1 branch of the dungeon, and saw 3 of its levels.

You collected 139 gold pieces.

Inventory:

Hand Weapons
 a - a +0 club
 h - a +0 mace (weapon)
Missiles
 n - 3 boomerangs of dispersal
Armour
 e - a +1 leather armour (worn)
Jewellery
 i - a ring of flight
 m - a ring of ice
Wands
 c - a wand of polymorph (5) (quivered)
Scrolls
 b - a scroll of blinking
 f - 3 scrolls of fear
 l - a scroll of teleportation
 o - a scroll of immolation {unknown}
Potions
 d - a potion of haste
 g - a potion of ambrosia {unknown}
 j - a potion of magic {unknown}
 k - 3 potions of curing {unknown}
 p - a potion of mutation {unknown}


   Skills:
 + Level 1.2 Fighting
 + Level 1.2 Short Blades
 + Level 1.2 Long Blades
 + Level 1.2 Axes
 + Level 1.2 Maces & Flails
 + Level 1.2 Polearms
 + Level 1.2 Staves
 + Level 1.2 Ranged Weapons
 + Level 1.2 Throwing
 + Level 2.8 Armour
 + Level 1.2 Dodging
 + Level 1.2 Stealth
 + Level 1.2 Shields
 + Level 8.6 Unarmed Combat
 + Level 3.0 Spellcasting
 + Level 1.0 Conjurations
 + Level 1.0 Hexes
 + Level 1.0 Summonings
 + Level 1.0 Necromancy
 + Level 3.8 Translocations
 + Level 1.0 Transmutations
 + Level 1.0 Fire Magic
 + Level 1.0 Ice Magic
 + Level 1.0 Air Magic
 + Level 1.0 Earth Magic
 + Level 1.0 Poison Magic
 + Level 1.3 Invocations
 + Level 4.6 Evocations


You had 7 spell levels left.
You knew the following spells:

 Your Spells              Type           Power      Damage    Failure   Level
a - Blink                 Tloc           18%        N/A       11%         2

Your spell library contained the following spells:

 Spells                   Type           Power      Damage    Failure   Level
 Momentum Strike          Conj/Tloc      12%        3d8       19%         2
 Slow                     Hex            12%        N/A       22%         1
 Confusing Touch          Hex            3%         N/A       56%         3
 Vampiric Draining        Necr           3%         2d6       56%         3


Dungeon Overview and Level Annotations

Branches:
Dungeon (3/15)

Altars:
Kikubaaqudgha

Annotations:
D:3 1 runed translucent door, Crazy Yiuf, Robin


Innate Abilities, Weirdness & Mutations

You have very sharp teeth.
Your uncanny sense of smell can sniff out nearby items.
Your experience applies equally to all skills.


Message History

A hobgoblin comes into view.
The goblin shouts!
You barely miss the goblin. The goblin closely misses you.
A hobgoblin comes into view.
You closely miss the goblin. The goblin hits you but does no damage.
The goblin hits you with a +2 dagger of venom.
You are poisoned.
A goblin comes into view. It is wielding a +0 club.
The goblin barely misses you. The goblin hits you but does no damage.
The hobgoblin shouts!
You thump the goblin!
You kill the goblin!
You feel very sick.
The goblin hits you with a +2 dagger of venom.
You are more poisoned.
The goblin barely misses you.
Your Conjurations skill increases to level 1!
Your Hexes skill increases to level 1!
Your Summonings skill increases to level 1!
Your Necromancy skill increases to level 1!
Your Transmutations skill increases to level 1!
Your Fire Magic skill increases to level 1!
Your Ice Magic skill increases to level 1!
Your Air Magic skill increases to level 1!
Your Earth Magic skill increases to level 1!
Your Poison Magic skill increases to level 1!
You feel very sick.
The goblin hits you with a +2 dagger of venom.
You are lethally poisoned!
Robin throws the goblin at you! The goblin barely misses you.
You hit the goblin.
You kill the goblin!
* * * LOW HITPOINT WARNING * * *
You feel extremely sick. The goblin hits you with a +0 club.
* * * LOW HITPOINT WARNING * * *
The goblin barely misses you.
A goblin comes into view. It is wielding a +0 dagger.
The hobgoblin hits you.
You die...

######### ......... # ###
.#######.
####.######.####.#######.
.g.gg.ggg................
#..gg@........####.##.
######).?#### #....
#....#########....
#..##$.....<.....#
#.................
.........##.#.......#.##
.##########.#...........
#...........#.##
#...........#...


You could see Robin, 3 hobgoblins and 4 goblins.

Vanquished Creatures
  2 worms (D:2)
  2 dart slugs
  6 bats (D:1)
  5 endoplasms
  5 giant cockroaches
  7 goblins
  6 hobgoblins
  A jackal (D:1)
  6 quokkas
  7 ball pythons
  3 frilled lizards
  5 kobolds
  2 rats
57 creatures vanquished.

Vanquished Creatures (others)
  A human (D:3)
1 creature vanquished.

Grand Total: 58 creatures vanquished

Notes
Turn   | Place    | Note
-------+----------+-------------------------------------------
     0 | D:1      | Manisia the Gnoll Wanderer began the quest for the Orb.
     0 | D:1      | Manisia set off with the following items: a +0 club, a
                  | scroll of blinking, a wand of polymorph (5), a potion of
                  | haste, a +0 leather armour, a scroll of fear; and the
                  | following spells available to memorise: Blink, Momentum
                  | Strike.
     0 | D:1      | Reached XP level 1. HP: 13/13 MP: 4/4
   145 | D:1      | Reached XP level 2. HP: 19/19 MP: 5/5
   207 | D:1      | Learned a level 2 spell: Blink
   668 | D:1      | Reached XP level 3. HP: 15/25 MP: 7/7
   753 | D:1      | Reached skill level 1 in Invocations
   953 | D:1      | Found a faded altar of an unknown god.
  1067 | D:1      | Reached skill level 1 in Fighting
  1067 | D:1      | Reached skill level 1 in Short Blades
  1067 | D:1      | Reached skill level 1 in Long Blades
  1067 | D:1      | Reached skill level 1 in Axes
  1067 | D:1      | Reached skill level 1 in Maces & Flails
  1067 | D:1      | Reached skill level 1 in Polearms
  1067 | D:1      | Reached skill level 1 in Staves
  1067 | D:1      | Reached skill level 1 in Ranged Weapons
  1067 | D:1      | Reached skill level 1 in Throwing
  1067 | D:1      | Reached skill level 1 in Dodging
  1067 | D:1      | Reached skill level 1 in Stealth
  1067 | D:1      | Reached skill level 1 in Shields
  1549 | D:2      | Reached XP level 4. HP: 31/32 MP: 8/8
  2319 | D:3      | Found an ancient bone altar of Kikubaaqudgha.
  2320 | D:3      | Noticed a human
  2322 | D:3      | Killed a human
  2415 | D:3      | Found a runed translucent door.
  2416 | D:3      | Noticed Crazy Yiuf
  2673 | D:3      | Noticed Robin
  2678 | D:3      | Reached skill level 1 in Conjurations
  2678 | D:3      | Reached skill level 1 in Hexes
  2678 | D:3      | Reached skill level 1 in Summonings
  2678 | D:3      | Reached skill level 1 in Necromancy
  2678 | D:3      | Reached skill level 1 in Transmutations
  2678 | D:3      | Reached skill level 1 in Fire Magic
  2678 | D:3      | Reached skill level 1 in Ice Magic
  2678 | D:3      | Reached skill level 1 in Air Magic
  2678 | D:3      | Reached skill level 1 in Earth Magic
  2678 | D:3      | Reached skill level 1 in Poison Magic
  2679 | D:3      | Slain by a hobgoblin

Illustrated notes

Levels and vault maps discovered:
D:1:      dpeg_cavernosity, layout_loops_ring,
          shapermc_ecumenical_altar_mp_vishouse, minmay_pentomino_p4
D:2:      layout_basic
D:3:      layout_basic, tgw_kikubaaqudgha, minmay_quantized, uniq_robin,
          uniq_crazy_yiuf_cottage

Skill      XL: |  1  2  3  4 |
---------------+-------------+-----
Invocations    | 1 |  1.3
Fighting       | 1 |  1.2
Short Blades   | 1 |  1.2
Long Blades    | 1 |  1.2
Axes           | 1 |  1.2
Maces & Flails | 1 |  1.2
Polearms       | 1 |  1.2
Staves         | 1 |  1.2
Ranged Weapons | 1 |  1.2
Throwing       | 1 |  1.2
Dodging        | 1 |  1.2
Stealth        | 1 |  1.2
Shields        | 1 |  1.2
Spellcasting   | 3 |  3.0
Conjurations   | 1 |  1.0
Hexes          | 1 |  1.0
Summonings     | 1 |  1.0
Necromancy     | 1 |  1.0
Transmutations | 1 |  1.0
Fire Magic     | 1 |  1.0
Ice Magic      | 1 |  1.0
Air Magic      | 1 |  1.0
Earth Magic    | 1 |  1.0
Poison Magic   | 1 |  1.0
Armour         | |  2.8
Unarmed Combat | |  8.6
Translocations | |  3.8
Evocations     | |  4.6

Action                   |  1- 3 |  4- 6 || total
-------------------------+-------+-------++-------
Melee: Club              |    12 |       ||    12
       Mace              |    97 |    47 ||   144
       Punch             |     2 |     4 ||     6
       Bite              |     4 |     4 ||     8
 Cast: Blink             |     1 |       ||     1
  Use: Scroll            |     1 |     3 ||     4
       Potion            |     1 |     1 ||     2
 Stab: Sleeping          |     3 |       ||     3
Armor: Leather armour    |    37 |    14 ||    51
Dodge: Dodged            |    77 |    30 ||   107

Table legend: (Time is in decaauts)
 A = Elapsed time spent in this place.
 B = Non-inter-level travel time spent in this place.
 C = Inter-level travel time spent in this place.
 D = Time resting spent in this place.
 E = Time spent auto-exploring this place.
 F = Levels seen in this place.
 G = Mean time per level.
                   A        B        C        D        E       F      G
               +--------+--------+--------+--------+--------+-----+--------+
         Total |   2733 |   2632 |    101 |      0 |   2201 |   3 |  911.0 |
       Dungeon |   2733 |   2632 |    101 |      0 |   2201 |   3 |  911.0 |
               +--------+--------+--------+--------+--------+-----+--------+

Top non-repeatable levels by time:
     D:1: 1307 daAuts
     D:2: 1004 daAuts
     D:3: 421 daAuts
